 Dungeon Crawl Stone Soup version 0.28-a0-1395-g4f6bc678fa (webtiles) character file.

Game seed: 4337730319887456717

640 Deminshera the Vexing (level 7, -15/43 HPs)
             Began as a Deep Elf Arcane Marksman on Jan 4, 2022.
             Was a Follower of Okawaru.
             Killed by an exploding gnoll (29 damage)
             ... ignited by their inner flame
             ... on level 5 of the Dungeon.
             The game lasted 00:09:03 (9200 turns).

Deminshera the Vexing (Deep Elf Arcane Marksman)    Turns: 9200, Time: 00:09:03

Health: -15/43     AC:  3    Str:  7    XL:     7   Next: 26%
Magic:  2/13       EV: 15    Int: 20    God:    Okawaru [*.....]
Gold:   146        SH:  0    Dex: 15    Spells: 8/12 levels left

rFire   . . .      SeeInvis .   d - +3 spear
rCold   . . .      Faith    .   (no shield)
rNeg    . . .      Spirit   .   p - +0 animal skin
rPois   .          Reflect  .   q - +0 helmet
rElec   .          Harm     .   (no cloak)
rCorr   .          Rampage  .   (no gloves)
Will    .....                   (no boots)
Stlth   +++.......              (no amulet)
HPRegen 0.14/turn               (no ring)
MPRegen 0.13/turn               (no ring)

@: heroic, marked, very slightly contaminated
A: no striking features
a: Renounce Religion, Heroism


You were on level 5 of the Dungeon.
You worshipped Okawaru.
Okawaru was aware of your devotion.
You visited 1 branch of the dungeon, and saw 5 of its levels.

You collected 146 gold pieces.

Inventory:

Hand Weapons
 a - a +0 shortbow
 d - a +3 spear (weapon)
 i - a +1 hunting sling of freezing
Missiles
 c - 56 arrows
 j - 32 stones (quivered)
Armour
 p - a +0 animal skin (worn)
 q - a +0 helmet (worn)
Jewellery
 g - a ring of positive energy
Wands
 t - a wand of flame (12)
 w - a wand of polymorph (8)
 y - a wand of mindburst (8)
Scrolls
 b - a scroll of magic mapping
 k - a scroll of vulnerability {unknown}
 r - a scroll of enchant weapon {unknown}
 s - a scroll of noise {unknown}
 u - a scroll of identify
 v - a scroll of blinking {unknown}
 z - a scroll of fear {unknown}
 A - a scroll of teleportation {unknown}
Potions
 f - 2 potions of lignification
 l - a potion of haste
 m - 2 potions of curing
 n - a potion of magic {unknown}
 o - a potion of flight {unknown}
 x - a potion of resistance {unknown}


   Skills:
 + Level 4.3(9.3) Fighting
 - Level 5.0(10.0) Bows
 - Level 2.4(7.4) Dodging
 - Level 3.0 Spellcasting
 - Level 6.0 Hexes
 - Level 3.0 Fire Magic


You had 8 spell levels left.
You knew the following spells:

 Your Spells              Type           Power      Damage    Failure   Level
a - Slow                  Hex            100%       N/A       1%          1
b - Inner Flame           Hex/Fire       21%        N/A       7%          3

Your spell library contained the following spells:

 Spells                   Type           Power      Damage    Failure   Level
 Portal Projectile        Hex/Tloc       30%        N/A       12%         3
 Cause Fear               Hex            13%        N/A       12%         4


Dungeon Overview and Level Annotations

Branches:
Dungeon (5/15)
 Temple: D:4-7

Altars:
Okawaru


Message History

Confirm with . or Enter, or press ? or * to list all spells.
Aiming: Inner Flame (dangerous; 7% risk of failure)
Press: ? - help, Dir - move target, f/p - gnoll shaman
Aim: a gnoll shaman, wielding a +0 club and wearing a +0 leather armour (chance to affect: 76%)
The gnoll shaman barely resists.
As you read the scroll labelled UHOTWA ROCWUOM, it crumbles to dust.
The creatures around you are filled with an inner flame!
It was a scroll of immolation.
The gnoll shaman calls upon its god to speed up the gnoll.
The gnoll seems to speed up.
You gain the combat prowess of a mighty hero.
The gnoll closely misses you.
The gnoll shaman hits you with a +0 club!
The gnoll throws a throwing net.
The throwing net hits you.
You become entangled in the net!
A sky beast comes into view.
You see here a throwing net.
You tear a large gash into the net.
The gnoll shaman hits you with a +0 club.
The gnoll hits you from afar with a +0 halberd.
The gnoll hits you with a +0 whip.
You shred the net and break free! The gnoll hits you with a +0 club.
The gnoll shaman barely misses you. The gnoll barely misses you.
Unknown command.
As you read the scroll labelled OKHAEX DESATU, it crumbles to dust.
Your body is wracked with pain!
The gnoll shaman convulses!
Flame seeps out of the gnoll shaman.
The gnoll convulses!
Flame seeps out of the gnoll.
The gnoll convulses!
Flame seeps out of the gnoll.
The gnoll convulses!
Flame seeps out of the gnoll.
The gnoll convulses!
Flame seeps out of the gnoll.
The sky beast convulses!
It was a scroll of torment.
The gnoll is engulfed in blazing flames.
Okawaru accepts your kill.
The gnoll explodes!
The fiery explosion engulfs the gnoll!!!
Okawaru accepts your kill. The fiery explosion engulfs you!!
Ouch! That really hurt!
You die...

#...####.# #.#
#. ##### #.#
#.#
#.####'###+####
#.##...Y......#
#.##..........#
#.##..........#
#.##..g○g§....#
#.##...g○§....#
#...@§§....#
#..........#
###.....####
#######


You could see a sky beast, a gnoll shaman (inner flame) and 2 gnolls.

Vanquished Creatures
  Sigmund (D:3)
  A centaur (D:4)
  2 scorpions (D:4)
  A bullfrog zombie (D:5)
  A jelly (D:2)
  An iguana (D:4)
  An orc wizard (D:3)
  Terence (D:2)
  Robin (D:3)
  2 gnolls (D:5)
  7 adders
  4 worms
  2 dart slugs (D:4)
  5 orcs
  2 ball pythons (D:3)
  2 bats
  6 endoplasms
  3 giant cockroaches
  9 goblins
  2 hobgoblins (D:3)
  9 jackals
  A kobold (D:2)
  2 quokkas
  3 frilled lizards
  3 rats (D:1)
72 creatures vanquished.

Notes
Turn   | Place    | Note
-------+----------+-------------------------------------------
     0 | D:1      | Deminshera the Deep Elf Arcane Marksman began the quest for
                  | the Orb.
     0 | D:1      | Reached XP level 1. HP: 11/11 MP: 5/5
    69 | D:1      | You fall into a shaft and drop 1 floor!
   457 | D:1      | Reached XP level 2. HP: 16/16 MP: 7/7
  1124 | D:2      | Reached XP level 3. HP: 20/20 MP: 9/9
  1128 | D:2      | Learned a level 3 spell: Inner Flame
  1468 | D:2      | Found an iron altar of Okawaru.
  1546 | D:2      | Found a faded altar of an unknown god.
  1603 | D:2      | Became a worshipper of Warmaster Okawaru
  2222 | D:2      | Reached XP level 4. HP: 24/24 MP: 6/10
  2631 | D:2      | Reached skill level 5 in Hexes
  2631 | D:2      | Reached skill level 1 in Fire Magic
  3649 | D:3      | Noticed Terence
  3678 | D:2      | Killed Terence
  4440 | D:3      | Reached XP level 5. HP: 28/28 MP: 6/11
  4848 | D:3      | Noticed Sigmund
  4852 | D:3      | Killed Sigmund
  4852 | D:3      | Reached * piety under Okawaru
  4853 | D:3      | Reached skill level 5 in Bows
  4853 | D:3      | Reached skill level 6 in Hexes
  4853 | D:3      | Reached skill level 1 in Fighting
  4853 | D:3      | Reached XP level 6. HP: 35/35 MP: 8/12
  5476 | D:3      | Noticed Robin
  5489 | D:3      | Killed Robin
  7212 | D:4      | Reached XP level 7. HP: 41/41 MP: 6/13
  9067 | D:5      | Entered Level 5 of the Dungeon
  9200 | D:5      | Killed by an exploding gnoll... ignited by their inner
                  | flame

Illustrated notes

Levels and vault maps discovered:
D:1:      lemuel_arrival_behind_the_door_large, layout_basic
D:2:      layout_basic, basic_altar, basic_ecumenical_altar,
          minmay_small_reverse_x
D:3:      layout_basic, uniq_robin, uniq_sigmund, uniq_terence
D:4:      layout_layer_cave, minmay_crossroads
D:5:      minmay_goblin_kobold_castle, layout_basic, minivault_5

Skill      XL: |  1  2  3  4  5  6  7 |
---------------+----------------------+-----
Bows           | 3 4 5 |  5.0
Spellcasting   | 2 3 |  3.0
Hexes          | 5 6 |  6.0
Fire Magic     | 1 3 |  3.0
Fighting       | 1 3 4 |  4.3
Dodging        | |  2.4

Action                   |  1- 3 |  4- 6 |  7- 9 || total
-------------------------+-------+-------+-------++-------
Melee: Spear             |       |       |     7 ||     7
 Fire: Shortbow          |    48 |    15 |    26 ||    89
       Hunting sling     |    21 |    98 |       ||   119
 Cast: Slow              |     4 |    19 |     8 ||    31
       Inner Flame       |     1 |    22 |     9 ||    32
Invok: Heroism           |       |       |     1 ||     1
  Use: Scroll            |       |     4 |     2 ||     6
Armor: Robe              |     8 |     5 |       ||    13
       Animal skin       |       |     2 |       ||     2
Dodge: Dodged            |    23 |    26 |    12 ||    61

Table legend: (Time is in decaauts)
 A = Elapsed time spent in this place.
 B = Non-inter-level travel time spent in this place.
 C = Inter-level travel time spent in this place.
 D = Time resting spent in this place.
 E = Time spent auto-exploring this place.
 F = Levels seen in this place.
 G = Mean time per level.
                   A        B        C        D        E       F      G
               +--------+--------+--------+--------+--------+-----+--------+
         Total |   9235 |   8889 |    346 |   4928 |   3069 |   5 | 1847.0 |
       Dungeon |   9235 |   8889 |    346 |   4928 |   3069 |   5 | 1847.0 |
               +--------+--------+--------+--------+--------+-----+--------+

Top non-repeatable levels by time:
     D:2: 2909 daAuts
     D:4: 2779 daAuts
     D:3: 1951 daAuts
     D:1: 1462 daAuts
     D:5: 133 daAuts
